 Dungeon Crawl Stone Soup version 0.20-a0-303-g575bbf7 (webtiles) character file.

18 Junicave the Digger (level 2, 0/17 HPs)
             Began as an Octopode Earth Elementalist on Dec 17, 2016.
             Slain by a kobold
             ... wielding a +0 short sword
              (2 damage)
             ... on level 1 of the Dungeon.
             The game lasted 00:02:08 (766 turns).

Junicave the Digger (Octopode Earth Elementalist)    Turns: 766, Time: 00:02:08

Health: 0/17       AC:  1    Str:  7    XL:     2   Next: 66%
Magic:  4/5        EV: 13    Int: 17    God:
Gold:   37         SH:  0    Dex: 12    Spells: 4/5 levels left

rFire  . . .     SeeInvis .     e - -3 dagger (curse)
rCold  . . .     Gourm    .     (no shield)
rNeg   . . .     Faith    .     (helmet restricted)
rPois  .         Spirit   .     (no amulet)
rElec  .         Reflect  .     (no ring)
rCorr  .         Harm     .     (no ring)
MR     .....                    (no ring)
Stlth  +++.......               (no ring)
                                (no ring)
                                (no ring)
                                (no ring)
                                (no ring)

@: no status effects
A: almost no armour, stealthy swim, amphibious, 8 rings, constrict 8, camouflage
1, gelatinous body 1
a: no special abilities


You were on level 1 of the Dungeon.
You were not hungry.

You visited 1 branch of the dungeon, and saw 1 of its levels.

You collected 37 gold pieces.

Inventory:

Hand Weapons
 e - a cursed -3 dagger (weapon)
Missiles
 b - 20 stones (quivered)
Scrolls
 a - 2 scrolls of identify {unknown}
 g - a scroll of noise {unknown}
 j - a scroll of enchant weapon {unknown}
Potions
 i - a potion of flight {unknown}
Books
 d - a book of Geomancy

   Spells                             Type                      Level
   a - Sandblast                      Earth                        1
   b - Passwall                       Transmutation/Earth          2
   c - Stone Arrow                    Conjuration/Earth            3
   d - Petrify                        Transmutation/Earth          4
   e - Lee's Rapid Deconstruction     Earth                        5
Comestibles
 c - a bread ration
 f - a beef jerky
 h - 5 chunks of flesh


   Skills:
 + Level 2.2 Dodging
 + Level 3.0 Stealth
 * Level 2.3 Spellcasting
   Level 1.0 Transmutations
 + Level 3.2 Earth Magic


You had 4 spell levels left.
You knew the following spells:

 Your Spells              Type           Power        Failure   Level  Hunger
a - Sandblast             Erth           ##....       6%          1    #......


Dungeon Overview and Level Annotations

Branches:
Dungeon (1/15)

Altars:


Innate Abilities, Weirdness & Mutations

You cannot wear most types of armour.
You are very stealthy in the water. (Stealth+)
You are amphibious.
You can wear up to eight rings at the same time.
You can use your tentacles to constrict eight enemies at once.
Your skin changes colour to match your surroundings (Stealth+).
Your rubbery body absorbs attacks. (AC +1, EV +1)


Message History

j - a scroll labeled JOZENK NACS You hit the kobold.
Your grab misses the kobold.
The kobold is severely wounded.
The kobold hits you with a short sword.
You miss the kobold. Your grab misses the kobold.
The kobold is severely wounded.
The kobold hits you with a short sword.
You hit the kobold but do no damage. Your grab misses the kobold.
The kobold is severely wounded.
The kobold hits you with a short sword.
* * * LOW HITPOINT WARNING * * *
Casting: Sandblast
Confirm with . or Enter, or press ? or * to list all spells.
Aiming: Sandblast
Press: ? - help, Shift-Dir - straight line, f - kobold
Aim: a kobold, wielding a short sword (moderately wounded)
The blast of sand hits the kobold.
The kobold is severely wounded.
The kobold hits you with a short sword.
You die...

# .# ####.#####
# #.@K.....#
.##.##..#.##..#
........#.##..#
###...........#
######.##.#.##
##...##.##.#.#
##.....#......#
##.......###.###
#.........# #


You could see a kobold.

Vanquished Creatures
  A leopard gecko (D:1)
  A bat (D:1)
  2 giant cockroaches (D:1)
  3 goblins (D:1)
  A kobold (D:1)
  2 ball pythons (D:1)
  7 frilled lizards (D:1)
  2 rats (D:1)
19 creatures vanquished.

Notes
Turn   | Place    | Note
-------+----------+-------------------------------------------
     0 | D:1      | Junicave the Octopode Earth Elementalist began the quest for the Orb.
     0 | D:1      | Reached XP level 1. HP: 11/11 MP: 3/3
   167 | D:1      | Reached XP level 2. HP: 17/17 MP: 5/5
   766 | D:1      | Slain by a kobold

Vault maps used:
D:1:      tarquinn_simple_flora_water_a, solitary_fountain, minmay_crystal_room,
          serial_park_tiny_pond, minmay_lizard_king

Skill      XL: |  1  2 |
---------------+-------+-----
Stealth        | 3 |  3.0
Dodging        | |  2.2
Spellcasting   | |  2.3
Transmutations | |  1.0
Earth Magic    | |  3.2

Action                   || total
-------------------------++-------
Melee: Constrict         ||     5
       Tentacles         ||     4
       Unarmed           ||     2
       Dagger            ||    29
 Cast: Sandblast         ||    22
 Stab: Sleeping          ||     2
Armor: Skin              ||     4
Dodge: Dodged            ||    20
